 Dungeon Crawl Stone Soup version 0.24-a0-201-gf205589 (webtiles) character file.

Game seed: 13626344437031947603

22 Borgoz the Cutter (level 2, 0/17 HPs)
             Began as a Gargoyle Gladiator on Mar 25, 2019.
             Slain by a leopard gecko (2 damage)
             ... on level 1 of the Dungeon.
             The game lasted 00:00:56 (461 turns).

Borgoz the Cutter (Gargoyle Gladiator)               Turns: 461, Time: 00:00:57

Health: 0/17       AC:  7    Str: 17    XL:     2   Next: 91%
Magic:  2/2        EV: 12    Int:  8    God:
Gold:   56         SH:  0    Dex: 11    Spells: 1/1 levels left

rFire    . . .     SeeInvis .   a - +0 rapier
rCold    . . .     Gourm    .   (no shield)
rNeg     + . .     Faith    .   b - +0 leather armour
rPois    ∞         Spirit   .   c - +0 helmet
rElec    +         Reflect  .   (no cloak)
rCorr    .         Harm     .   (no gloves)
MR       .....                  (no boots)
Stlth    +.........             (no amulet)
HPRegen  0.05/turn              (no ring)
MPRegen  0.08/turn              (no ring)

@: no status effects
A: negative energy resistance 1, electricity resistance, unbreathing,
petrification resistance, rot immunity, AC +2
a: no special abilities


You were on level 1 of the Dungeon.
You were not hungry.

You visited 1 branch of the dungeon, and saw 1 of its levels.

You collected 56 gold pieces.

Inventory:

Hand Weapons
 a - a +0 rapier (weapon)
Missiles
 d - 3 throwing nets (quivered)
 i - 2 tomahawks
Armour
 b - a +0 leather armour (worn)
 c - a +0 helmet (worn)
Scrolls
 h - a scroll of fog {unknown}
 j - 3 scrolls of enchant weapon {unknown}
 k - a scroll of identify {unknown}
Potions
 e - a potion of experience {unknown}
 l - 2 potions of lignification {unknown}
Comestibles
 f - 3 rations
 g - 6 chunks of flesh


   Skills:
 - Level 2.1 Fighting
 + Level 3.0 Short Blades
 - Level 1.7 Throwing
 + Level 1.3 Armour
 + Level 2.7 Dodging


You had one spell level left.
You didn't know any spells.
Your spell library was empty.

Dungeon Overview and Level Annotations

Branches:
Dungeon (1/15)

Altars:


Innate Abilities, Weirdness & Mutations

You are resistant to torment.
Your stone body is resilient. (AC +2)
You are immune to poison.
You resist negative energy. (rN+)
You are resistant to electric shocks. (rElec)
You can survive without breathing.
You are immune to petrification.
You are immune to rotting.


Message History

The leopard gecko bites you but does no damage.
The rat bites you but does no damage. The hobgoblin hits you with a +0 club.
The leopard gecko closely misses you.
You closely miss the leopard gecko. The rat bites you but does no damage.
The hobgoblin completely misses you. The leopard gecko bites you.
The hobgoblin hits you with a +0 club. The rat bites you.
You hit the rat.
The rat is heavily wounded.
The rat closely misses you.
You hit the rat.
You kill the rat!
You puncture the hobgoblin!
You kill the hobgoblin!
Some of the chunks of flesh in your inventory have rotted away.
You miss the leopard gecko. The leopard gecko bites you.
* * * LOW HITPOINT WARNING * * *
The leopard gecko bites you but does no damage.
You closely miss the leopard gecko. The leopard gecko bites you.
You die...

#. #....#
#..#.#
#..#.#
#..#.# #
#..#.# #.###
#..#.# .....
#..#.# ....#
#..#.#######
.....
#....@lg#
#.###
.#######.#
......g..#
.........#
..#####.##
... #.# ##.#
.... ...
#### #.#


You could see a leopard gecko and a hobgoblin.

Vanquished Creatures
  A dart slug (D:1)
  2 bats (D:1)
  A giant cockroach (D:1)
  2 goblins (D:1)
  5 hobgoblins (D:1)
  3 kobolds (D:1)
  5 rats (D:1)
19 creatures vanquished.

Notes
Turn   | Place    | Note
-------+----------+-------------------------------------------
     0 | D:1      | Borgoz the Gargoyle Gladiator began the quest for the Orb.
     0 | D:1      | Reached XP level 1. HP: 12/12 MP: 1/1
   138 | D:1      | Reached XP level 2. HP: 16/17 MP: 2/2
   193 | D:1      | Reached skill level 1 in Armour
   220 | D:1      | Reached skill level 3 in Short Blades
   461 | D:1      | Slain by a leopard gecko

Levels and vault maps discovered:
D:1:      dpeg_arrival_chambers_temple_mockup, layout_basic

Skill      XL: |  1  2 |
---------------+-------+-----
Armour         | 1 |  1.3
Short Blades   | 3 |  3.0
Fighting       | |  2.1
Throwing       | |  1.7
Dodging        | |  2.7

Action                   || total
-------------------------++-------
Melee: Rapier            ||    69
Armor: Leather armour    ||    32
Dodge: Dodged            ||    62

Table legend:
 A = Non-vault XP
 B = Vault XP
 C = Vault XP percentage of total XP
 D = Non-vault monster count
 E = Vault monster count
 F = Vault count percentage of total count
                 A         B        C        D         E       F
            +---------+---------+-------+---------+---------+-------
      Total |      32 |       0 |   0.0 |      19 |       0 |   0.0
            +---------+---------+-------+---------+---------+-------
        D:1 |      32 |       0 |   0.0 |      19 |       0 |   0.0
            +---------+---------+-------+---------+---------+-------
